 Dungeon Sprint DCSS version 0.31-a0-691-g409c26aa35 (webtiles) character file.

Game seed: 16052135663968304386

770 sircluck the Grappler (level 7, -3/81 HPs)
             Began as a Troll Berserker on Sept 6, 2023.
             Was a High Priest of Trog.
             Slain by a water moccasin (7 damage)
             ... in the Dungeon (Sprint VII: "The Pits").
             The game lasted 00:02:06 (385 turns).

sircluck the Grappler (Troll Berserker)              Turns: 385, Time: 00:02:06

Health: -3/81      AC:  4    Str: 28    XL:     7   Next: 53%
Magic:  6/6        EV: 12    Int:  3    God:    Trog [*****.]
Gold:   0          SH:  0    Dex:  9    Spells: 6/6 levels left

rFire   . .          .
                       - Unarmed
rCold   . . .        (no shield)
rNeg    . . .        a - +0 animal skin
rPois   .            (helmet restricted)
rElec   .            (no cloak)
rCorr   .            (gloves unavailable)
SInv    .            (boots unavailable)
Will    .....        (no amulet)
Stlth   +            (no ring)
HPRegen 1.13/turn    (no ring)
MPRegen 0.10/turn

%: no teleportation
@: lethally poisoned (-3 -> -13)
A: large, unfitting armour, claws 3, regeneration 1, shaggy fur 1, tough skin 1
a: Renounce Religion, Berserk, Trog's Hand, Brothers in Arms


You were in the Dungeon.
You worshipped Trog.
Trog was extremely pleased with you.
You visited 1 branch

Inventory:

Armour
 a - a +0 animal skin (worn)
Wands
 k - a wand of flame (3)
Scrolls
 g - a scroll of blinking
 i - 2 scrolls of vulnerability
 j - a scroll of butterflies
Potions
 b - 6 potions of curing
 c - 4 potions of heal wounds
 d - a potion of haste
 e - 4 potions of magic
 f - 3 potions of berserk rage
 h - 2 potions of invisibility


   Skills:
 + Level 8.6 Fighting
 + Level 8.5 Dodging
 + Level 10.1 Unarmed Combat


You had 6 spell levels left.
You didn't know any spells.
Your spell library was empty.

Dungeon Overview and Level Annotations

Branches:
Dungeon (1/1)

Altars:
Ashenzari
Cheibriados
Dithmenos
Elyvilon
Fedhas
Gozag
Hepliaklqana
Kikubaaqudgha
Makhleb
Nemelex Xobeh
Okawaru
Qazlal
Ru
Sif Muna
Trog
Uskayaw
Vehumet
Wu Jian
Xom
Yredelemnul
Zin
The Shining One
Jiyva
Lugonu


Innate Abilities, Weirdness & Mutations

You are too large for most types of armour.
You have claws for hands.
Your natural rate of healing is unusually fast.
You are covered in fur. (AC +1)
You have tough skin. (AC +1)


Message History

The water moccasin bites you.
You are more poisoned.
The water moccasin poisons you!
You scratch the water moccasin but do no damage.
The water moccasin is lightly wounded.
You feel very sick. The water moccasin bites you.
You closely miss the water moccasin.
The water moccasin is lightly wounded.
You feel very sick. The water moccasin bites you.
You claw the water moccasin! x2
The water moccasin is severely wounded.
You feel very sick.
The water moccasin bites you but does no damage.
You barely miss the water moccasin.
The water moccasin is severely wounded.
You feel very sick. The water moccasin bites you.
* * * LOW HITPOINT WARNING * * *
You barely miss the water moccasin.
The water moccasin is severely wounded.
You feel sick. The water moccasin bites you.
* * * LOW HITPOINT WARNING * * *
You are more poisoned.
The water moccasin poisons you! The water moccasin bites you.
* * * LOW HITPOINT WARNING * * *
You are lethally poisoned!
The water moccasin poisons you!
You mangle the water moccasin!!
You kill the water moccasin!
Trog accepts your kill.
* * * LOW HITPOINT WARNING * * *
You feel very sick.
Your Unarmed Combat skill increases to level 10!
You closely miss the water moccasin.
* * * LOW HITPOINT WARNING * * *
You feel very sick. The water moccasin bites you!
You die...

#.##'#.....##...<...#
#.#........##.......#
#.#........##.......#
#'###########.......#
#.......#.. #########
#.†.#...#.#
#.†.#...#.#
#)##.##.#S#
#...#...#@+
#...#...#'#
#......)).#
###########


You could see a water moccasin.

Vanquished Creatures
  A hellwing (D)
  A fire bat (D)
  2 water moccasins (D)
  A scorpion (D)
  A bullfrog (D)
  An iguana (D)
  Ijyb (D)
  A gnoll (D)
  3 ufetubi (D)
  A ball python (D)
  A bat zombie (D)
  An endoplasm (D)
  A kobold (D)
  A quokka (D)
  A ball python skeleton (D)
  A frilled lizard (D)
  A rat (D)
20 creatures vanquished.

Notes
Turn   | Place    | Note
-------+----------+-------------------------------------------
     0 | D        | sircluck the Troll Berserker began the quest for the Orb.
     0 | D        | Reached XP level 1. HP: 22/22 MP: 0/0
    48 | D        | Noticed a cane toad
   179 | D        | Found a bloodstained altar of Trog.
   179 | D        | Found a shimmering blue altar of Sif Muna.
   179 | D        | Found a viscous altar of Jiyva.
   179 | D        | Found a hazy altar of Hepliaklqana.
   179 | D        | Found an opulent altar of Gozag.
   180 | D        | Found a glowing golden altar of the Shining One.
   180 | D        | Found a glowing silver altar of Zin.
   180 | D        | Found a basalt altar of Yredelemnul.
   180 | D        | Found a shimmering altar of Xom.
   180 | D        | Found an ornate altar of the Wu Jian Council.
   180 | D        | Found a sacrificial altar of Ru.
   180 | D        | Found a stormy altar of Qazlal.
   180 | D        | Found an iron altar of Okawaru.
   180 | D        | Found a sparkling altar of Nemelex Xobeh.
   180 | D        | Found a burning altar of Makhleb.
   180 | D        | Found a blossoming altar of Fedhas.
   180 | D        | Found a white marble altar of Elyvilon.
   180 | D        | Found a shadowy altar of Dithmenos.
   180 | D        | Found a snail-covered altar of Cheibriados.
   184 | D        | Found a corrupted altar of Lugonu.
   184 | D        | Found a radiant altar of Vehumet.
   185 | D        | Found a broken altar of Ashenzari.
   185 | D        | Found an ancient bone altar of Kikubaaqudgha.
   185 | D        | Found a hide-covered altar of Uskayaw.
   207 | D        | Reached ** piety under Trog
   208 | D        | Reached XP level 2. HP: 31/31 MP: 1/1
   218 | D        | Reached skill level 4 in Unarmed Combat
   228 | D        | Reached *** piety under Trog
   231 | D        | Reached XP level 3. HP: 38/39 MP: 2/2
   236 | D        | Reached skill level 5 in Unarmed Combat
   278 | D        | Noticed a scorpion
   278 | D        | Noticed Ijyb
   278 | D        | Noticed a fire bat
   278 | D        | Noticed a bullfrog
   287 | D        | Killed Ijyb
   287 | D        | Reached **** piety under Trog
   288 | D        | Reached XP level 4. HP: 23/49 MP: 3/3
   288 | D        | Killed a fire bat
   289 | D        | Reached skill level 7 in Unarmed Combat
   289 | D        | Reached XP level 5. HP: 29/59 MP: 4/4
   291 | D        | Reached XP level 6. HP: 50/68 MP: 5/5
   293 | D        | Reached skill level 8 in Unarmed Combat
   293 | D        | Reached ***** piety under Trog
   311 | D        | Received a gift from Trog
   314 | D        | Noticed a hellwing
   331 | D        | Killed a hellwing
   332 | D        | Reached skill level 9 in Unarmed Combat
   332 | D        | Reached XP level 7. HP: 37/79 MP: 6/6
   385 | D        | Reached skill level 10 in Unarmed Combat
   385 | D        | HP: 4/81 [poisoned by a water moccasin]
   385 | D        | Slain by a water moccasin

Illustrated notes

Levels and vault maps discovered:
D:        pitsprint [storerooms_1, entrance_room_1, metal_vault_3, armoury_3,
          mini_pit_1, grid_room_1, main_hall_1, silver_pit, the_coven_3,
          the_vestibule_1, steel_vault_5, golden_pit, hallway_of_sentries,
          crystal_vault_1, iron_vault_5, final_vault]

Skill      XL: |  1  2  3  4  5  6  7 |
---------------+----------------------+-----
Fighting       | 3 4 6 7 8 |  8.6
Dodging        | 3 4 6 7 8 |  8.5
Unarmed Combat | 4 5 7 9 10 | 10.1

Action                     |  1- 3 |  4- 6 |  7- 9 || total
---------------------------+-------+-------+-------++-------
  Melee: Unarmed           |    29 |    24 |    16 ||    69
         Punch             |     1 |       |     1 ||     2
 Invoke: Berserk           |       |     1 |       ||     1
  Evoke: Wand              |       |     2 |       ||     2
    Use: Potion            |       |     2 |       ||     2
 Armour: Animal skin       |    34 |    26 |    12 ||    72
  Dodge: Dodged            |    26 |    22 |     3 ||    51

Table legend: (Time is in decaauts)
 A = Elapsed time spent in this place.
 B = Non-inter-level travel time spent in this place.
 C = Inter-level travel time spent in this place.
 D = Time resting spent in this place.
 E = Time spent auto-exploring this place.
 F = Levels seen in this place.
 G = Mean time per level.
                   A        B        C        D        E       F      G
               +--------+--------+--------+--------+--------+-----+--------+
         Total |    382 |    382 |      0 |     35 |     57 |   1 |  382.0 |
       Dungeon |    382 |    382 |      0 |     35 |     57 |   1 |  382.0 |
               +--------+--------+--------+--------+--------+-----+--------+

Top non-repeatable levels by time:
       D: 382 daAuts
